PCL
SAN JOSE MISSIONS @ MILE HIGH BRONCOS
08/17/2029
 
TOP OF THE 1ST
San Jose Missions batting - Pitching for Mile High Broncos : RHP Manny Pérez
Pitching: RHP Manny Pérez
Batting: RHB Brandon Townsley 0-0: Called Strike
0-1: Ball
1-1: Swinging Strike
1-2: Foul Ball, location: 2F
1-2: Ball
2-2: Ground out 1-3 (Groundball, 15)
Batting: RHB Lorenzo Mota 0-0: Called Strike
0-1: Ball
1-1: Called Strike
1-2: Ball
2-2: Ground out 1-3 (Groundball, 13)
Batting: RHB Peter Bishop 0-0: Ball
1-0: Ball
2-0: Ball
3-0: Base on Balls
Batting: SHB Ángel González 0-0: Fly out, F5 (Popup, 56S)
Top of the 1st over - 0 runs, 0 hits, 0 errors, 1 left on base; San Jose 0 - Mile High 0
BOTTOM OF THE 1ST
Mile High Broncos batting - Pitching for San Jose Missions : LHP Daniel Roberts
Pitching: LHP Daniel Roberts
Batting: RHB Reynaldo Slomp 0-0: Ball
1-0: Ball
2-0: Ball
3-0: Base on Balls
Pitching: RHP Mark Bidwell
Batting: SHB Tom Stevens 0-0: Ball
1-0: Foul Ball, location: 2F
1-1: Swinging Strike
1-2: Strikes out swinging
Batting: RHB Rodney González 0-0: Ball
1-0: Ball
2-0: Ball
3-0: Called Strike
3-1: Fly out, F7 (Flyball, 78S)
Batting: RHB António Martínez 0-0: Called Strike
0-1: 2-RUN HOME RUN (Flyball, 7LD), Distance : 455 ft
Batting: SHB Michael Field 0-0: SINGLE (Flyball, 89M)
Batting: RHB Su-kweon Yu 0-0: Called Strike
0-1: Ball
1-1: Called Strike
1-2: Strikes out swinging
Bottom of the 1st over - 2 runs, 2 hits, 0 errors, 1 left on base; San Jose 0 - Mile High 2
TOP OF THE 2ND
San Jose Missions batting - Pitching for Mile High Broncos : RHP Manny Pérez
Batting: LHB John Foster 0-0: Ball
1-0: Called Strike
1-1: Swinging Strike
1-2: Ball
2-2: SINGLE (Line Drive, 4D)
Batting: RHB Jorge Díaz 0-0: Swinging Strike
0-1: Ball
1-1: Grounds into double play, 6-4-3 (Groundball, 6D)
Batting: LHB Pedro Ramos 0-0: Ball
1-0: Ball
2-0: Called Strike
2-1: Ball
3-1: Base on Balls
Batting: RHB Artie Green 0-0: Ball
Pedro Ramos steals 2nd base
1-0: Ball
2-0: 2-RUN HOME RUN (Flyball, 7LD), Distance : 374 ft
Batting: RHB Miguel Mendoza 0-0: Ball
1-0: Called Strike
1-1: Ball
2-1: Swinging Strike
2-2: Strikes out swinging
Top of the 2nd over - 2 runs, 2 hits, 0 errors, 0 left on base; San Jose 2 - Mile High 2
BOTTOM OF THE 2ND
Mile High Broncos batting - Pitching for San Jose Missions : RHP Mark Bidwell
Batting: RHB Edward Williams 0-0: Ball
1-0: Ball
2-0: Called Strike
2-1: Ball
3-1: Ground out 6-3 (Groundball, 6)
Batting: LHB Tony Báez 0-0: Ball
1-0: Foul Ball, location: 2F
1-1: Ball
2-1: SOLO HOME RUN (Flyball, 89XD), Distance : 400 ft
Batting: SHB Paco Martínez 0-0: Called Strike
0-1: Ball
1-1: Ball
2-1: Ball
3-1: Base on Balls
Batting: RHB Reynaldo Slomp 0-0: Ground out 6-3 (Groundball, 6)
Paco Martínez to second
Batting: SHB Tom Stevens 0-0: Swinging Strike
0-1: SINGLE (Line Drive, 9LS)
Paco Martínez to third
Batting: RHB Rodney González 0-0: Ball
1-0: Foul Ball, location: 2F
1-1: Swinging Strike
1-2: Ball
2-2: Ball
3-2: Base on Balls
Tom Stevens to second
Batting: RHB António Martínez 0-0: Called Strike
0-1: Ball
1-1: GRAND SLAM HOME RUN (Flyball, 7D), Distance : 362 ft
Pitching: LHP Mario Galván
Batting: SHB Michael Field 0-0: Ball
1-0: Fly out, F7 (Flyball, 78S)
Bottom of the 2nd over - 5 runs, 3 hits, 0 errors, 0 left on base; San Jose 2 - Mile High 7
TOP OF THE 3RD
San Jose Missions batting - Pitching for Mile High Broncos : RHP Manny Pérez
Batting: RHB Brandon Townsley 0-0: Ball
1-0: Called Strike
1-1: Foul Ball, location: 2F
1-2: Ball
2-2: Foul Ball, location: 2F
2-2: Foul Ball, location: 2F
2-2: Foul Ball, location: 2F
2-2: Ball
3-2: Foul Ball, location: 2F
3-2: Base on Balls
Batting: RHB Lorenzo Mota 0-0: Called Strike
0-1: Fielders Choice at 2nd, 6-4 (Groundball, 6)
Batting: RHB Peter Bishop 0-0: Foul Ball, location: 2F
0-1: Ground out U3 (Groundball, 34)
Lorenzo Mota to second
Batting: SHB Ángel González 0-0: Called Strike
0-1: 2-RUN HOME RUN (Flyball, 9LD), Distance : 392 ft
Batting: LHB John Foster 0-0: Ball
1-0: Swinging Strike
1-1: Foul Ball, location: 2F
1-2: Strikes out looking
Top of the 3rd over - 2 runs, 1 hit, 0 errors, 0 left on base; San Jose 4 - Mile High 7
BOTTOM OF THE 3RD
Mile High Broncos batting - Pitching for San Jose Missions : LHP Mario Galván
Batting: RHB Su-kweon Yu 0-0: Called Strike
0-1: Called Strike
0-2: Foul Ball, location: 2F
0-2: Ball
1-2: Ball
2-2: Foul Ball, location: 2F
2-2: SINGLE (Groundball, 34S) (infield hit)
Batting: RHB Edward Williams 0-0: Ball
1-0: Called Strike
1-1: Ball
2-1: Fly out, F8 (Flyball, 78D)
Batting: LHB Tony Báez 0-0: Ball
1-0: Grounds into double play, 5-4-3 (Groundball, 56)
Bottom of the 3rd over - 0 runs, 1 hit, 0 errors, 0 left on base; San Jose 4 - Mile High 7
TOP OF THE 4TH
San Jose Missions batting - Pitching for Mile High Broncos : RHP Manny Pérez
Batting: RHB Jorge Díaz 0-0: Foul Ball, location: 2F
0-1: Ball
1-1: Called Strike
1-2: Ground out 4-3 (Groundball, 4)
Batting: LHB Pedro Ramos 0-0: Called Strike
0-1: Ball
1-1: Called Strike
1-2: Ball
2-2: Foul Ball, location: 2F
2-2: Ball
3-2: Base on Balls
Batting: RHB Artie Green 0-0: Ball
1-0: Ball
2-0: Called Strike
2-1: Foul Ball, location: 2F
2-2: Foul Ball, location: 2F
2-2: Ball
3-2: Strikes out swinging
Pitching: RHP José García
Batting: RHB Miguel Mendoza 0-0: Called Strike
0-1: Ball
1-1: Ball
2-1: Foul Ball, location: 2F
2-2: Strikes out swinging
Top of the 4th over - 0 runs, 0 hits, 0 errors, 1 left on base; San Jose 4 - Mile High 7
BOTTOM OF THE 4TH
Mile High Broncos batting - Pitching for San Jose Missions : LHP Mario Galván
Pitching: LHP Joe Barnes
Batting: SHB Paco Martínez 0-0: Foul Ball, location: 2F
0-1: Ball
1-1: Foul Ball, location: 2F
1-2: Fly out, F7 (Line Drive, 7LM)
Pitching: RHP Ralph Williams
Batting: RHB Reynaldo Slomp 0-0: Ball
1-0: Ball
2-0: Foul Ball, location: 2F
2-1: Foul Ball, location: 2F
2-2: Ball
3-2: Foul Ball, location: 2F
3-2: Ground out 5-3 (Groundball, 56)
Batting: SHB Tom Stevens 0-0: Called Strike
0-1: Ball
1-1: Ball
2-1: Foul Ball, location: 2F
2-2: Ball
3-2: Base on Balls
Batting: RHB Rodney González 0-0: Called Strike
Pickoff Throw to First - Error! E1
Tom Stevens to second
0-1: Ball
1-1: Ground out 6-3 (Groundball, 6)
Bottom of the 4th over - 0 runs, 0 hits, 1 error, 1 left on base; San Jose 4 - Mile High 7
TOP OF THE 5TH
San Jose Missions batting - Pitching for Mile High Broncos : RHP José García
Batting: RHB Brandon Townsley 0-0: Foul Ball, location: 2F
0-1: Foul Ball, location: 2F
0-2: Strikes out looking
Batting: RHB Lorenzo Mota 0-0: Called Strike
0-1: Ball
1-1: Ball
2-1: Ground out 5-3 (Groundball, 56)
Pitching: LHP Domingo Morales
Batting: RHB Peter Bishop 0-0: Ball
1-0: Foul Ball, location: 2F
1-1: Fly out, F7 (Flyball, 7)
Top of the 5th over - 0 runs, 0 hits, 0 errors, 0 left on base; San Jose 4 - Mile High 7
BOTTOM OF THE 5TH
Mile High Broncos batting - Pitching for San Jose Missions : RHP Ralph Williams
Batting: RHB António Martínez 0-0: Foul Ball, location: 2F
0-1: Ball
1-1: Ball
2-1: Ball
3-1: Foul Ball, location: 2F
3-2: Base on Balls
Batting: SHB Michael Field 0-0: Called Strike
0-1: Fly out, F9 (Flyball, 89S)
Batting: RHB Su-kweon Yu 0-0: Fly out, F9 (Flyball, 9)
Batting: RHB Edward Williams 0-0: Ball
1-0: Ball
2-0: Called Strike
2-1: Ball
3-1: Base on Balls
António Martínez to second
Batting: LHB Tony Báez 0-0: Called Strike
0-1: Fly out, F8 (Line Drive, 8LXD)
Bottom of the 5th over - 0 runs, 0 hits, 0 errors, 2 left on base; San Jose 4 - Mile High 7
TOP OF THE 6TH
San Jose Missions batting - Pitching for Mile High Broncos : LHP Domingo Morales
Pitching: LHP Jorge García
Batting: SHB Ángel González 0-0: Ground out 4-3 (Groundball, 4)
Pitching: RHP Eric Wilson
Batting: LHB John Foster 0-0: Foul Ball, location: 2F
0-1: Called Strike
0-2: Foul Ball, location: 2F
0-2: Ball
1-2: Ball
2-2: Foul Ball, location: 2F
2-2: Ball
3-2: Base on Balls
Batting: RHB Jorge Díaz 0-0: Called Strike
0-1: Ball
1-1: Swinging Strike
1-2: Strikes out swinging
Batting: LHB Pedro Ramos 0-0: Ball
1-0: Ball
2-0: Ball
3-0: Called Strike
3-1: Base on Balls
John Foster to second
Batting: RHB Artie Green 0-0: Ball
1-0: Foul Ball, location: 2F
1-1: Ball
2-1: Reached via error on a dropped throw, E1
John Foster to third
Pedro Ramos to second
Batting: RHB Miguel Mendoza 0-0: Foul Ball, location: 2F
0-1: Ball
1-1: Called Strike
1-2: Strikes out looking
Top of the 6th over - 0 runs, 0 hits, 1 error, 3 left on base; San Jose 4 - Mile High 7
BOTTOM OF THE 6TH
Mile High Broncos batting - Pitching for San Jose Missions : RHP Ralph Williams
Batting: SHB Paco Martínez 0-0: Ball
1-0: Called Strike
1-1: Ground out 4-3 (Groundball, 4)
Batting: RHB Reynaldo Slomp 0-0: Ball
1-0: DOUBLE (Groundball, 5L)
Batting: SHB Tom Stevens 0-0: Ball
1-0: Foul Ball, location: 2F
1-1: Ball
2-1: Called Strike
2-2: Ball
3-2: Base on Balls
Batting: RHB Rodney González 0-0: Ball
1-0: Grounds into double play, 5-4-3 (Groundball, 5)
Bottom of the 6th over - 0 runs, 1 hit, 0 errors, 1 left on base; San Jose 4 - Mile High 7
TOP OF THE 7TH
San Jose Missions batting - Pitching for Mile High Broncos : RHP Eric Wilson
Batting: RHB Brandon Townsley 0-0: Ball
1-0: Swinging Strike
1-1: Ground out 6-3 (Groundball, 6)
Batting: RHB Lorenzo Mota 0-0: Swinging Strike
0-1: Called Strike
0-2: Strikes out swinging
Batting: RHB Peter Bishop 0-0: Called Strike
0-1: Ball
1-1: Ball
2-1: Fly out, F4 (Line Drive, 4M)
Top of the 7th over - 0 runs, 0 hits, 0 errors, 0 left on base; San Jose 4 - Mile High 7
BOTTOM OF THE 7TH
Mile High Broncos batting - Pitching for San Jose Missions : RHP Ralph Williams
Batting: RHB António Martínez 0-0: Ball
1-0: Ball
2-0: Ball
3-0: Base on Balls
Batting: SHB Michael Field 0-0: Ball
1-0: Fly out, F8 (Flyball, 8LD)
Batting: RHB Su-kweon Yu 0-0: Ball
1-0: Ball
2-0: Grounds into double play, 6-4-3 (Groundball, 6M)
Bottom of the 7th over - 0 runs, 0 hits, 0 errors, 0 left on base; San Jose 4 - Mile High 7
TOP OF THE 8TH
San Jose Missions batting - Pitching for Mile High Broncos : RHP Eric Wilson
Batting: SHB Ángel González 0-0: SINGLE (Groundball, 34D)
Batting: LHB John Foster 0-0: Called Strike
0-1: Ball
1-1: Foul Ball, location: 2F
1-2: Foul Ball, location: 2F
1-2: Ball
2-2: Strikes out looking
Batting: RHB Jorge Díaz 0-0: Fly out, F1 (Line Drive, 13)
Batting: LHB Pedro Ramos 0-0: Fly out, F8 (Flyball, 8RM)
Top of the 8th over - 0 runs, 1 hit, 0 errors, 1 left on base; San Jose 4 - Mile High 7
BOTTOM OF THE 8TH
Mile High Broncos batting - Pitching for San Jose Missions : RHP Ralph Williams
Batting: RHB Edward Williams 0-0: Ball
1-0: Ball
2-0: Called Strike
2-1: Fly out, F6 (Line Drive, 6)
Batting: LHB Tony Báez 0-0: Ball
1-0: Called Strike
1-1: Ball
2-1: Ball
3-1: Foul Ball, location: 2F
3-2: Foul Ball, location: 2F
3-2: Base on Balls
Batting: SHB Paco Martínez 0-0: Ball
1-0: Ball
2-0: Called Strike
2-1: Foul Ball, location: 2F
2-2: Ball
3-2: Base on Balls
Tony Báez to second
Batting: RHB Reynaldo Slomp 0-0: Called Strike
0-1: Ball
1-1: Fielders Choice at 2nd, 1-4 (Groundball, 15)
Tony Báez to third
Batting: SHB Tom Stevens 0-0: Ball
1-0: Called Strike
1-1: Fly out, F8 (Flyball, 8LS)
Bottom of the 8th over - 0 runs, 0 hits, 0 errors, 2 left on base; San Jose 4 - Mile High 7
TOP OF THE 9TH
San Jose Missions batting - Pitching for Mile High Broncos : RHP Eric Wilson
Batting: RHB Artie Green 0-0: Ground out 5-3 (Groundball, 56)
Batting: RHB Miguel Mendoza 0-0: Ball
1-0: Swinging Strike
1-1: Fly out, F8 (Flyball, 8LS)
Batting: RHB Brandon Townsley 0-0: Ball
1-0: Ball
2-0: Ball
3-0: Base on Balls
Batting: RHB Lorenzo Mota 0-0: Foul Ball, location: 2F
0-1: Fly out, F7 (Flyball, 7S)
Top of the 9th over - 0 runs, 0 hits, 0 errors, 1 left on base; San Jose 4 - Mile High 7
Saturday, December 16th, 2017 - OOTP Baseball 18.8 Build 76